AoeStats
← 念

Arena

508637102Analyzed
4v4 RM · 10d ago on Sep 23, 2026· 33m 37s· 8 players
Game mode
Random Map
Map size
Large (8 player)
Population
200
Speed
Normal
Resources
Standard
Victory
Conquest
Starting age
Dark Age
Ending age
Imperial Age
RankedLock teamsTeams togetherTeam positionsShared explorationLock speedFull tech treeHidden civsTurbo modeCheats
Victory
Defeat
🇩🇪 Romans · Germany
1180
+16
🇩🇪 Poles · Germany
1176
+16
🇨🇳 Dravidians · China
1175
+16
🇹🇷 Mongols · Türkiye
1148
+17
🇨🇳 Italians · China
1239
-19
🇹🇼 Italians · Taiwan
1175
-16
🇹🇼 Varangians · Taiwan
1174
-16
🇨🇳 Persians · China
1128
-14
Mars'plants
10:57 Feudal Age
15:00 Castle Age
13:16 Double-Bit Axe
13:16 Horse Collar
19:11 Loom
22:14 Bow Saw
23:48 Heavy Plow
25:06 Wheelbarrow
29:42 Imperial Age
27:31 Hand Cart
27:01 Town Watch
27:32 Man-at-Arms
27:33 Pikeman
28:28 Long Swordsman
28:53 Gambesons
29:09 Squires
28:54 Arson
29:23 Forging
29:14 Scale Mail Armor
30:42 Iron Casting
29:48 Two-Handed Swordsman
31:02 Conscription
31:02 Wootz Steel
30:09 Halberdier
30:59 Gold Mining
31:27 Chain Mail Armor
30:45 Champion
33:58 Plate Mail Armor
4♚Dreams
10:33 Feudal Age
11:08 Horse Collar
11:17 Double-Bit Axe
15:56 Castle Age
15:06 Scale Barding Armor
16:51 Heavy Plow
17:03 Bow Saw
21:43 Wheelbarrow
21:24 Loom
23:03 Forging
23:14 Chain Barding Armor
24:13 Hand Cart
23:51 Gold Mining
25:17 Szlachta Privileges
27:24 Iron Casting
27:55 Husbandry
28:05 Bloodlines
31:51 Stone Mining
sennsen87
9:11 Loom
11:15 Feudal Age
12:57 Wheelbarrow
13:16 Double-Bit Axe
15:51 Castle Age
14:41 Stone Mining
14:54 Horse Collar
15:38 Gold Mining
22:55 Fletching
24:59 Man-at-Arms
26:33 Squires
27:33 Forging
29:27 Wheelbarrow
30:27 Ballistics
31:18 Scale Mail Armor
31:16 Bodkin Arrow
31:58 Murder Holes
32:22 Bow Saw
31:49 Long Swordsman
32:33 Heavy Plow
Valranir
10:50 Feudal Age
12:18 Double-Bit Axe
12:32 Horse Collar
15:00 Castle Age
14:33 Loom
16:02 Bow Saw
17:01 Heavy Plow
21:08 Wheelbarrow
23:26 Gold Mining
25:17 Stone Mining
29:31 Imperial Age
27:25 Fletching
27:35 Padded Archer Armor
28:37 Hand Cart
29:32 Ballistics
29:13 Bodkin Arrow
29:25 Scale Barding Armor
30:11 Thumb Ring
31:45 Chemistry
31:12 Leather Archer Armor
31:56 Bracer
33:14 Conscription
34:06 Masonry
BC
10:21 Feudal Age
14:46 Castle Age
13:05 Double-Bit Axe
13:14 Horse Collar
16:23 Loom
17:16 Wheelbarrow
18:37 Stone Mining
18:46 Loom
21:18 Fletching
29:25 Imperial Age
27:58 Thumb Ring
30:30 Bodkin Arrow
兄弟精神
11:02 Feudal Age
14:36 Castle Age
12:58 Double-Bit Axe
19:02 Wheelbarrow
22:31 Horse Collar
26:07 Bow Saw
29:10 Imperial Age
26:29 Loom
27:43 Scale Mail Armor
28:29 Scale Barding Armor
29:45 Chain Mail Armor
29:25 Elite Varangian Guard
32:37 Forging
32:53 Squires
念
10:45 Feudal Age
14:17 Castle Age
12:48 Double-Bit Axe
12:44 Horse Collar
16:09 Bow Saw
23:37 Wheelbarrow
23:26 Loom
24:26 Heavy Plow
25:56 Hand Cart
26:19 Stone Mining
26:21 Gold Mining
29:40 Imperial Age
27:01 Town Watch
27:30 Fletching
27:40 Padded Archer Armor
27:26 Treadmill Crane
27:58 Masonry
28:52 Stone Shaft Mining
28:13 Bodkin Arrow
28:40 Ballistics
29:32 Leather Archer Armor
29:34 Thumb Ring
32:07 Chemistry
31:38 Architecture
32:25 Elite Genoese Crossbowman
saneglsngosglgeisn
13:46 Feudal Age
15:44 Horse Collar
15:51 Double-Bit Axe
18:37 Castle Age
20:01 Bow Saw
19:53 Heavy Plow
25:28 Wheelbarrow
27:04 Hand Cart
26:34 Loom
28:03 Gold Mining
28:08 Stone Mining
29:40 Stone Shaft Mining
29:43 Gold Shaft Mining
30:31 Devotion
30:41 Scale Barding Armor
30:47 Forging
33:16 Imperial Age
32:26 Chain Barding Armor
32:09 Husbandry
32:19 Bloodlines
33:44 Iron Casting
34:21 Plate Barding Armor
33:11 Elite War Elephant
Connection lost

Rejoining the realm…

Still unreachable

The connection could not be restored.

Session expired

The server has moved on; the page needs a fresh start.